 Dungeon Sprint DCSS version 0.24-a0-170-gd8427f5 (webtiles) character file.

Game seed: 3873445701137444662

152 Dfrag the Blocker (level 10, -8/91 HPs)
             Began as a Formicid Fighter on Mar 10, 2019.
             Was a High Priest of Makhleb.
             Killed from afar by a naga warrior (12 damage)
             ... with a splash of poison
             ... in the Dungeon (Sprint VI: "Thunderdome").
             The game lasted 00:04:33 (754 turns).

Dfrag the Blocker (Formicid Fighter)                 Turns: 754, Time: 00:04:34

Health: -8/91      AC:  9    Str: 32    XL:     10   Next: 25%
Magic:  11/11      EV: 10    Int:  8    God:    Makhleb [*****.]
Gold:   249        SH: 15    Dex: 16    Spells: 9/9 levels left

rFire    . . .     SeeInvis +   d - +0 demon trident (flame)
rCold    + + .     Gourm    .   c - +0 shield
rNeg     + + .     Faith    .   b - +0 scale mail
rPois    .         Spirit   .   (helmet unavailable)
rElec    .         Reflect  .   (no cloak)
rCorr    .         Harm     +   (no gloves)
MR       +....                  (no boots)
Stlth    ..........             p - amulet of Lakeif {Harm *Drain +Blink rN+}
HPRegen  0.25/turn              q - ring "Feunuaz" {*Drain +Fly rC+ Str+5 Slay+3}
MPRegen  0.12/turn              o - ring of Huageny {rC+ rN+ Str+4 Dex+5 Stlth-}

@: lethally poisoned (-8 -> -13)
A: permanent stasis, dig shafts and tunnels, four strong arms, antennae 3, high
mp 1, sturdy frame 1
a: Dig, Minor Destruction, Lesser Servant of Makhleb, Major Destruction, Greater
Servant of Makhleb, Renounce Religion, Evoke Flight


You were in the Dungeon.
You worshipped Makhleb.
Makhleb was extremely pleased with you.
You were not hungry.

You visited 1 branch You collected 440 gold pieces.
You spent 191 gold pieces at shops.

Inventory:

Hand Weapons
 a - a +0 war axe
 d - a +0 demon trident of flaming (weapon)
 g - a +0 battleaxe
Armour
 b - a +0 scale mail (worn)
 c - a +0 shield (worn)
Jewellery
 o - the ring of Huageny (right hand) {rC+ rN+ Str+4 Dex+5 Stlth-}
   (You bought it in a shop in the Dungeon)

   [ring of positive energy]

   It affects your strength (+4).
   It affects your dexterity (+5).
   It protects you from cold.
   It protects you from negative energy.
   It makes you less stealthy.
 p - the amulet of Lakeif (around neck) {Harm *Drain +Blink rN+}
   (You bought it in a shop in the Dungeon)

   [amulet of harm]

   It increases damage dealt and taken.
   It protects you from negative energy.
   It lets you blink.
   It causes draining when unequipped.
 q - the ring "Feunuaz" (left hand) {*Drain +Fly rC+ Str+5 Slay+3}
   (You bought it in a shop in the Dungeon)

   [ring of strength]

   It affects your strength (+5).
   It affects your accuracy and damage with ranged weapons and melee attacks
   (+3).
   It protects you from cold.
   It lets you fly.
   It causes draining when unequipped.
Wands
 h - a wand of acid (5)
 m - a wand of flame (13)
Scrolls
 k - 3 scrolls of fog
Potions
 i - 2 potions of magic
Comestibles
 f - a ration


   Skills:
 + Level 12.6 Fighting
 + Level 11.5 Axes
 + Level 12.6 Armour
 + Level 13.6 Shields


You had 9 spell levels left.
You didn't know any spells.
Your spell library was empty.

Dungeon Overview and Level Annotations

Branches:
Dungeon (1/1)

Altars:
Cheibriados
Dithmenos
Fedhas
Gozag
Kikubaaqudgha
Makhleb
Okawaru
Qazlal
Ru
Sif Muna
Trog
Uskayaw
Vehumet
Wu Jian
Xom
Yredelemnul
Zin
The Shining One
Beogh
Jiyva
Lugonu

Shops:
D *[%??*?*:[((!!!!


Innate Abilities, Weirdness & Mutations

You cannot be hasted, slowed, berserked, paralysed or teleported.
You can dig through walls and to a lower floor.
Your four strong arms can wield two-handed weapons with a shield.
You have a pair of large antennae on your head. (SInv)
You have an increased reservoir of magic. (+10% MP)
Your movements are slightly less encumbered by armour. (ER -2)


Message History

You feel sick.
You feel sick.
Okay, then.
You feel sick.
You feel sick.
You feel sick.
You feel sick.
You feel sick.
You feel sick.
You feel sick.
You feel sick. 20...
You feel sick.
You feel sick.
You feel sick. 15... The naga warrior spits poison at you.
The splash of poison hits you!
You are lethally poisoned!
You die...

#⌠.....[.....⌠#
######.8.........8.###
##∩_........###......._
###∩.......[8.# #.8......
##..........N.{###........
#⌠........N.###.N.###.....
#⌠..........# #.<.# #.....
#⌠..........###...###.....
##.......@.....###{.......
###∩........8.# #{8......
##∩___......###N.....__
######.8......N..8.###
#⌠...........⌠#
###.........###
#_......._# #_......._#
#_......._#


You could see a naga warrior and a naga warlord.

Vanquished Creatures
  3 black mambas (D)
  2 orange demons (D)
  A red devil (D)
  An ice devil (D)
  A hellwing (D)
  A fire elemental (D)
  5 fire bats (D)
  A naga (D)
  A phantom (D)
  2 wights (D)
  Jessica (D)
  Terence (D)
  An adder (D)
  A giant cockroach (D)
  A giant cockroach zombie (D)
  A goblin (D)
  A leopard gecko skeleton (D)
25 creatures vanquished.

Notes
Turn   | Place    | Note
-------+----------+-------------------------------------------
     0 | D        | Dfrag the Formicid Fighter began the quest for the Orb.
     0 | D        | Reached XP level 1. HP: 18/18 MP: 1/1
     4 | D        | Found an iron altar of Okawaru.
     4 | D        | Found a basalt altar of Yredelemnul.
     5 | D        | Found a bloodstained altar of Trog.
     5 | D        | Found a corrupted altar of Lugonu.
     5 | D        | Round 1.
     6 | D        | Found a blossoming altar of Fedhas.
     6 | D        | Found a viscous altar of Jiyva.
     7 | D        | Found Xuth's Identification Station.
     7 | D        | Found Imuosibbua's Delicious Food.
     8 | D        | Found Witeego's Advanced Armour.
     8 | D        | Found Jathrebao's Jewellery.
    13 | D        | Found a sacrificial altar of Ru.
    14 | D        | Found Esapoj Osooch's Premium Goods.
    15 | D        | Found Goep's Miscellaneous Merchandise.
    15 | D        | Found Udwiluc's Basic Armour.
    16 | D        | Found a shadowy altar of Dithmenos.
    16 | D        | Found a roughly hewn altar of Beogh.
    16 | D        | Found a shimmering altar of Xom.
    16 | D        | Found Cumo's Weapon Rack.
    20 | D        | Found an ornate altar of the Wu Jian Council.
    21 | D        | Found an ancient bone altar of Kikubaaqudgha.
    22 | D        | Found a snail-covered altar of Cheibriados.
    23 | D        | Found Bic Efa's Do-It-Yourself Clinic.
    24 | D        | Found Joselud's Bottled Wisdom.
    24 | D        | Found Peus's Distillery.
    24 | D        | Found a stormy altar of Qazlal.
    24 | D        | Found a glowing silver altar of Zin.
    24 | D        | Found Ciwkojee's Distillery.
    28 | D        | Found a radiant altar of Vehumet.
    29 | D        | Found an opulent altar of Gozag.
    30 | D        | Found a glowing golden altar of the Shining One.
    31 | D        | Found Jasoggod's Staff Store.
    32 | D        | Found a hide-covered altar of Uskayaw.
    32 | D        | Found a deep blue altar of Sif Muna.
    32 | D        | Found a burning altar of Makhleb.
    32 | D        | Found Cafut's Magic Scroll Shop.
    32 | D        | Found Vegyll's Must-Have Magic.
    32 | D        | Found Olaurufa's Magic Scroll Shop.
    41 | D        | Became a worshipper of Makhleb the Destroyer
    52 | D        | Noticed Jessica
    54 | D        | Noticed Terence
    56 | D        | Reached skill level 4 in Shields
    56 | D        | Reached XP level 2. HP: 20/25 MP: 2/2
    63 | D        | Killed Jessica
    63 | D        | Reached skill level 5 in Shields
    63 | D        | Reached XP level 3. HP: 26/31 MP: 3/3
    68 | D        | Reached * piety under Makhleb
    76 | D        | Killed Terence
    76 | D        | Reached skill level 5 in Fighting
    76 | D        | Reached skill level 5 in Armour
    76 | D        | Reached XP level 4. HP: 17/39 MP: 4/4
   108 | D        | Bought a potion of mutation for 56 gold pieces
   108 | D        | Gained mutation: You have an increased reservoir of magic.
                  | (+10% MP) [potion of mutation]
   108 | D        | Gained mutation: Your movements are slightly less
                  | encumbered by armour. (ER -2) [potion of mutation]
   136 | D        | Reached ** piety under Makhleb
   136 | D        | Arena points: 14 (+14) [x2]
   164 | D        | Bought a shimmering wooden ring for 45 gold pieces
   164 | D        | Bought a sparkling bronze amulet for 45 gold pieces
   164 | D        | Bought a slimy lead ring for 45 gold pieces
   164 | D        | Identified the ring "Feunuaz" {*Drain +Fly rC+ Str+5
                  | Slay+3} (You bought it in a shop in the Dungeon)
   165 | D        | Identified the ring of Huageny {rC+ rN+ Str+4 Dex+5 Stlth-}
                  | (You bought it in a shop in the Dungeon)
   166 | D        | Identified the amulet of Lakeif {Harm *Drain +Blink rN+}
                  | (You bought it in a shop in the Dungeon)
   184 | D        | Round 2.
   186 | D        | Noticed a phantom
   195 | D        | Killed a phantom
   195 | D        | Reached skill level 5 in Axes
   195 | D        | Reached skill level 7 in Shields
   195 | D        | Reached XP level 5. HP: 29/47 MP: 5/5
   212 | D        | Reached XP level 6. HP: 30/55 MP: 6/6
   224 | D        | Reached *** piety under Makhleb
   224 | D        | Reached skill level 8 in Shields
   235 | D        | Arena points: 44 (+30) [x3]
   250 | D        | Round 3.
   251 | D        | Noticed a fire bat
   251 | D        | Noticed a fire elemental
   264 | D        | Killed a fire bat
   264 | D        | Reached skill level 9 in Shields
   264 | D        | Reached XP level 7. HP: 19/62 MP: 7/7
   265 | D        | Killed a fire elemental
   285 | D        | Noticed a fire bat
   287 | D        | Killed a fire bat
   287 | D        | Reached skill level 10 in Shields
   306 | D        | Noticed a fire bat
   308 | D        | Killed a fire bat
   308 | D        | Reached **** piety under Makhleb
   308 | D        | Reached XP level 8. HP: 52/72 MP: 8/8
   319 | D        | Noticed a fire bat
   325 | D        | Killed a fire bat
   325 | D        | Reached skill level 10 in Fighting
   325 | D        | Reached skill level 10 in Armour
   350 | D        | Noticed a fire bat
   366 | D        | Killed a fire bat
   366 | D        | Arena points: 128 (+84) [x4]
   366 | D        | Reached skill level 11 in Shields
   425 | D        | Round 4.
   459 | D        | Noticed an orange demon
   469 | D        | Killed an orange demon
   482 | D        | Noticed an orange demon
   488 | D        | Killed an orange demon
   488 | D        | Reached skill level 10 in Axes
   488 | D        | Reached skill level 12 in Shields
   488 | D        | Reached XP level 9. HP: 81/81 MP: 9/9
   502 | D        | Noticed a hellwing
   513 | D        | Noticed an ice devil
   523 | D        | Noticed a red devil
   533 | D        | Killed an ice devil
   533 | D        | Reached ***** piety under Makhleb
   541 | D        | Killed a hellwing
   543 | D        | Killed a red devil
   561 | D        | Noticed an orange demon
   607 | D        | Arena points: 152 (+24) [x1]
   622 | D        | Round 5.
   687 | D        | Noticed a black mamba
   690 | D        | Killed a black mamba
   690 | D        | Reached skill level 13 in Shields
   696 | D        | Noticed a naga warlord
   710 | D        | Reached XP level 10. HP: 76/89 MP: 11/11
   710 | D        | Noticed a black mamba
   711 | D        | Noticed a black mamba
   717 | D        | Killed a black mamba
   719 | D        | Noticed a naga warrior
   720 | D        | Noticed a naga ritualist
   729 | D        | Killed a black mamba
   753 | D        | HP: 4/91 [poisoned by a naga warrior (splash of poison)]
   754 | D        | Killed from afar by a naga warrior

Levels and vault maps discovered:
D:        arena_sprint

Skill      XL: |  1  2  3  4  5  6  7  8  9 |
---------------+----------------------------+-----
Fighting       | 4 5 6 7 8 9 11 12 | 12.6
Armour         | 4 5 6 7 8 9 11 12 | 12.6
Shields        | 4 5 7 9 10 12 13 | 13.6
Axes           | 3 4 5 7 8 10 11 | 11.5

Action                   |  1- 3 |  4- 6 |  7- 9 | 10-12 || total
-------------------------+-------+-------+-------+-------++-------
Melee: War axe           |    34 |    31 |    52 |       ||   117
       Demon trident     |       |       |     2 |     7 ||     9
Evoke: Wand              |       |       |     5 |       ||     5
  Use: Potion            |     2 |     2 |     3 |     1 ||     8
Armor: Scale mail        |    16 |    11 |    20 |       ||    47
Dodge: Dodged            |    16 |    14 |    34 |     5 ||    69
Block: Shield            |    26 |    21 |    65 |     9 ||   121

Table legend:
 A = Non-vault XP
 B = Vault XP
 C = Vault XP percentage of total XP
 D = Non-vault monster count
 E = Vault monster count
 F = Vault count percentage of total count
                 A         B        C        D         E       F
            +---------+---------+-------+---------+---------+-------
      Total |    4892 |       0 |   0.0 |      25 |       0 |   0.0
            +---------+---------+-------+---------+---------+-------
          D |    4892 |       0 |   0.0 |      25 |       0 |   0.0
            +---------+---------+-------+---------+---------+-------
